 Dungeon Crawl Stone Soup version 0.31.0-12-g77e489cdc1 (webtiles) character file.

Game seed: 12105403129734632477

340 Gadfly the Trooper (level 6, -1/38 HPs)
             Began as a Gargoyle Fighter on Mar 8, 2024.
             Incinerated by a bombardier beetle (5 damage)
             ... with a burning spray
             ... on level 3 of the Dungeon.
             The game lasted 00:03:47 (2398 turns).

Gadfly the Trooper (Gargoyle Fighter)               Turns: 2398, Time: 00:03:48

Health: -1/38      AC: 19    Str: 20    XL:     6   Next: 56%
Magic:  8/8        EV: 10    Int:  8    God:
Gold:   119        SH:  0    Dex: 11    Spells: 5/5 levels left

rFire   . . .        a - +0 flail
rCold   . . .        c - +0 buckler
rNeg    + . .        m - quicksilver dragon scales
rPois   ∞            (no helmet)
rElec   +            (no cloak)
rCorr   .            h - +2 pair of gloves
SInv    .            f - +0 pair of boots
Will    +....        (no amulet) Stlth
                     k - ring of flight
HPRegen 0.26/turn    (no ring)
MPRegen 0.11/turn

%: no passive effects
@: confused, on fire, ambrosia-drunk, flying, glowing
A: sickness immunity, AC +4, negative energy resistance 1, electricity
resistance, torment resistance 1, petrification resistance
a: no special abilities


You were on level 3 of the Dungeon.
You visited 1 branch of the dungeon, and saw 3 of its levels.

You collected 119 gold pieces.

Inventory:

Hand Weapons
 a - a +0 flail (weapon)
 b - a +0 mace of holy wrath
Armour
 c - a +0 buckler (worn)
 f - a +0 pair of boots (worn)
 h - a +2 pair of gloves (worn)
 m - quicksilver dragon scales (worn)
Jewellery
 k - a ring of flight (left hand)
Scrolls
 g - a scroll of teleportation
Potions
 d - 2 potions of might
 i - a potion of berserk rage
 j - a potion of heal wounds


   Skills:
 + Level 4.0 Fighting
 * Level 3.5 Maces & Flails
 + Level 4.0 Armour
 + Level 4.0 Shields
 * Level 3.0 Invocations
 * Level 2.5 Evocations


You had 5 spell levels left.
You didn't know any spells.
Your spell library contained the following spells:

 Spells                   Type           Power      Damage    Failure   Level
 Slow                     Hex            0%         N/A       65%         1
 Mercury Vapours          Alch/Air       0%         N/A       80%         2
 Confusing Touch          Hex            0%         N/A       95%         3
 Mephitic Cloud           Conj/Alch/Air  0%         N/A       95%         3
 Sigil of Binding         Hex            0%         N/A       95%         3
 Tukima's Dance           Hex            0%         N/A       95%         3
 Vampiric Draining        Necr           0%         2d6       95%         3
 Dimensional Bullseye     Hex/Tloc       0%         N/A       100%        4
 Iskenderun's Mystic Bla  Conj/Tloc      0%         2d3       100%        4
 Freezing Cloud           Conj/Ice/Air   0%         6-21      100%        5


Dungeon Overview and Level Annotations

Branches:
Dungeon (3/15)

Altars:

Shops:
D:3 (


Innate Abilities, Weirdness & Mutations

You are immune to sickness and miasma.
Your stone body is resilient. (AC +4)
You are immune to poison.
You resist negative energy. (rN+)
You are resistant to electric shocks. (rElec)
You are resistant to unholy torment.
You are immune to petrification.


Message History

You block the bombardier beetle's attack.
You are too injured to fight recklessly!
You are too injured to fight recklessly!
You are too injured to fight recklessly!
You are too injured to fight recklessly!
You are too injured to fight recklessly!
You are too injured to fight recklessly!
You are too injured to fight recklessly!
You are too injured to fight recklessly!
You are too injured to fight recklessly!
You are too injured to fight recklessly!
You are too injured to fight recklessly!
You are too injured to fight recklessly!
You are too injured to fight recklessly!
You are too injured to fight recklessly!
You are too injured to fight recklessly!
You are too injured to fight recklessly!
You are too injured to fight recklessly!
You are too injured to fight recklessly!
You are too injured to fight recklessly!
Unknown command.
You sock the bombardier beetle!
The bombardier beetle is severely wounded.
The liquid fire burns you!
* * * LOW HITPOINT WARNING * * *
The bombardier beetle closely misses you.
You hit the bombardier beetle.
You kill the bombardier beetle!
The liquid fire burns you!
* * * LOW HITPOINT WARNING * * *
Your Armour skill increases to level 4!
Your Invocations skill increases to level 3!
You shake off some of the fire as you move.
The liquid fire burns you!
* * * LOW HITPOINT WARNING * * *
It was a potion of ambrosia.
You are confused.
You feel invigorated. The liquid fire burns you!
You die...

..#.######.##.######...#.........
...........##.#......############
...........)..#......####### #
.........B#####............######
.†........# #................##
.........)# ###..............).'.
.........B###........###.......##
..........##..##########^......#
+#####..(.......@.......########
#..................
#..[...#........$..
#..>...'........[..
#....###........... #....#
............ #....##............
.....##............


There were no monsters in sight!

Vanquished Creatures
  Sigmund (D:2)
  2 bombardier beetles (D:3)
  2 adders (D:2)
  3 gnolls (D:3)
  2 ribbon worms
  2 orcs (D:3)
  7 ball pythons
  8 endoplasms
  2 giant cockroaches (D:2)
  9 goblins
  5 hobgoblins
  4 jackals (D:3)
  6 kobolds
  2 quokkas
  4 bats
  2 frilled lizards (D:1)
  2 rats (D:1)
63 creatures vanquished.

Notes
Turn   | Place    | Note
-------+----------+-------------------------------------------
     0 | D:1      | Gadfly the Gargoyle Fighter began the quest for the Orb.
     0 | D:1      | Reached XP level 1. HP: 14/14 MP: 1/1
    68 | D:1      | Reached XP level 2. HP: 17/19 MP: 2/2
   133 | D:1      | Reached skill level 1 in Invocations
   316 | D:1      | Found a faded altar of an unknown god.
   334 | D:1      | Reached XP level 3. HP: 7/23 MP: 3/3
   732 | D:2      | Reached skill level 1 in Evocations
   775 | D:2      | Noticed Sigmund
   808 | D:2      | HP: 1/34 [something/magic dart (3)]
   811 | D:2      | Killed Sigmund
   812 | D:2      | Reached XP level 4. HP: 2/29 MP: 5/5
   812 | D:2      | Reached XP level 5. HP: 3/33 MP: 6/6
  1328 | D:2      | Reached XP level 6. HP: 38/38 MP: 7/7
  2284 | D:3      | Found Focreane's Weapon Shop.
  2398 | D:3      | Incinerated by a bombardier beetle

Illustrated notes

Levels and vault maps discovered:
D:1:      evilmike_arrival_fibonacci_small, layout_basic,
          nicolae_ecumenical_snake_handling
D:2:      layout_basic, uniq_sigmund
D:3:      layout_basic, serial_shops, nicolae_shop_tiny_statue_garden

Skill      XL: |  1  2  3  4  5  6 |
---------------+-------------------+-----
Invocations    | 1 2 3 |  3.0
Evocations     | 2 |  2.5
Maces & Flails | 3 |  3.5
Fighting       | 4 |  4.0
Shields        | 4 |  4.0
Armour         | 4 |  4.0

Action                     |  1- 3 |  4- 6 || total
---------------------------+-------+-------++-------
  Melee: Flail             |    97 |   120 ||   217
    Use: Scroll            |     3 |     6 ||     9
         Potion            |     1 |     2 ||     3
 Armour: Scale mail        |    86 |    10 ||    96
         Quicksilver drago |       |    71 ||    71
  Dodge: Dodged            |    54 |    64 ||   118
  Block: Buckler           |    17 |    33 ||    50
